 Dungeon Crawl Stone Soup version 0.22-a0-374-g5dfd9e3 (webtiles) character file.

537 JeffiDaFish the Digger (level 7, -4/36 HPs)
             Began as a Gargoyle Earth Elementalist on Apr 26, 2018.
             Slain by an ice beast (6 damage)
             ... on level 4 of the Dungeon.
             The game lasted 00:07:51 (3419 turns).

JeffiDaFish the Digger (GrEE)                       Turns: 3419, Time: 00:07:52

Health: -4/36      AC:  7    Str: 11    XL:     7   Next: 25%
Magic:  9/14       EV: 12    Int: 18    God:
Gold:   173        SH:  0    Dex: 10    Spells: 8/16 levels left

rFire    + . .     SeeInvis .   j - +0 rapier
rCold    . . .     Gourm    .   (no shield)
rNeg     + . .     Faith    .   c - +1 robe
rPois    ∞         Spirit   .   (no helmet)
rElec    +         Reflect  .   (no cloak)
rCorr    .         Harm     .   (no gloves)
MR       .....     Rnd*Tele +   (no boots)
Stlth    ++........             (no amulet)
HPRegen  0.12/turn              a - ring of protection from fire
MPRegen  0.14/turn              h - ring of teleportation

@: very slightly contaminated
A: negative energy resistance 1, electricity resistance, unbreathing,
petrification resistance, rot immunity, AC +4
a: no special abilities


You were on level 4 of the Dungeon.
You were hungry.

You visited 1 branch of the dungeon, and saw 4 of its levels.

You collected 173 gold pieces.

Inventory:

Hand Weapons
 j - a +0 rapier (weapon)
Missiles
 b - 38 stones (quivered)
Armour
 c - a +1 robe (worn)
 e - a +0 buckler
Jewellery
 a - a ring of protection from fire (left hand)
 h - a ring of teleportation (right hand)
 l - a +2 ring of evasion {unknown}
Scrolls
 f - 4 scrolls of teleportation
Potions
 g - a potion of cancellation
 k - 2 potions of might
Comestibles
 d - 7 rations
 i - 5 chunks of flesh


   Skills:
 - Level 1.5 Dodging
 - Level 2.1 Stealth
 + Level 5.1 Spellcasting
 - Level 0.7 Transmutations
 + Level 7.3 Earth Magic


You had 8 spell levels left.
You knew the following spells:

 Your Spells              Type           Power        Failure   Level  Hunger
a - Sandblast             Erth           ####..       1%          1    None
b - Stone Arrow           Conj/Erth      ###...       9%          3    ##.....
c - Petrify               Tmut/Erth      ###.....     26%         4    ####...


Dungeon Overview and Level Annotations

Branches:
Dungeon (4/15)
 Temple: D:4-7

Altars:
Nemelex Xobeh
Okawaru
Zin


Innate Abilities, Weirdness & Mutations

You are resistant to torment.
Your stone body is resilient. (AC +4)
You are immune to poison.
You resist negative energy. (rN+)
You are resistant to electric shocks. (rElec)
You can survive without breathing.
You are immune to petrification.
You are immune to rotting.


Message History

Confirm with . or Enter, or press ? or * to list all spells.
Aiming: Sandblast (safe; 1% risk of failure)
Press: ? - help, Shift-Dir - straight line, f/p - ice beast
Aim: an ice beast (severely wounded)
The blast of sand hits the ice beast.
The ice beast is severely wounded.
b - 39 stones The ice beast hits you but does no damage.
Casting: Sandblast (safe; 1% risk of failure)
Confirm with . or Enter, or press ? or * to list all spells.
Aiming: Sandblast (safe; 1% risk of failure)
Press: ? - help, Shift-Dir - straight line, f/p - ice beast
Aim: an ice beast (severely wounded)
The blast of sand hits the ice beast.
The ice beast is almost dead.
b - 38 stones The ice beast hits you.
* * * LOW HITPOINT WARNING * * *
The ice beast freezes you.
You die...

,* ******,* #..#.#
,* *,,,,,,* #....#
,* *,****** #.#.##
,***,****** #.#.#
,,,,,,,,,,* #.#.#
,***,,***.######.#.#
** *,,* *...[......#
*,,* **######.###
*,,* ***** #@#
****,,****,,,* #Y#
,,,,,,,,,,,*,* #.#
,***,,###*,,,**#.#
,* *,,..#**,,,,$.#
** **,#.# #.)#*###
*,#.# #..# *****,#.#
#..# ,,,,,,#.###..#


You could see an ice beast.

Vanquished Creatures
  The ghost of Neptuneman8 the Firebug, an amateur DsFE of Lugonu (D:3)
  An ogre (D:4)
  A water moccasin skeleton (D:4)
  A howler monkey (D:4)
  A centaur skeleton (D:4)
  A hound (D:2)
  An iguana (D:4)
  A worker ant (D:4)
  8 adders
  2 dart slugs
  8 orcs
  7 giant cockroaches
  3 goblins
  6 hobgoblins
  3 jackals (D:2)
  2 quokkas (D:3)
  7 bats
  5 frilled lizards
  4 kobolds
  6 rats
69 creatures vanquished.

Notes
Turn   | Place    | Note
-------+----------+-------------------------------------------
     0 | D:1      | JeffiDaFish the Gargoyle Earth Elementalist began the quest for the Orb.
     0 | D:1      | Reached XP level 1. HP: 10/10 MP: 3/3
   257 | D:1      | Reached XP level 2. HP: 13/15 MP: 1/5
   268 | D:1      | Reached skill level 4 in Earth Magic
   790 | D:2      | Reached XP level 3. HP: 12/19 MP: 1/7
  1051 | D:2      | Reached XP level 4. HP: 18/24 MP: 0/8
  1416 | D:2      | Reached skill level 5 in Earth Magic
  1523 | D:2      | Found a sparkling altar of Nemelex Xobeh.
  1989 | D:3      | Found an iron altar of Okawaru.
  1989 | D:3      | Noticed Neptuneman8's ghost (amateur DsFE)
  1998 | D:3      | Killed Neptuneman8's ghost
  1998 | D:3      | Reached skill level 6 in Earth Magic
  1998 | D:3      | Reached XP level 5. HP: 26/28 MP: 2/11
  1998 | D:3      | Reached XP level 6. HP: 30/32 MP: 2/12
  2192 | D:3      | Found a glowing silver altar of Zin.
  2193 | D:3      | Noticed an angel
  2215 | D:3      | Found a faded altar of an unknown god.
  3223 | D:4      | Reached XP level 7. HP: 36/36 MP: 12/14
  3225 | D:4      | Reached skill level 7 in Earth Magic
  3268 | D:4      | Reached skill level 5 in Spellcasting
  3338 | D:4      | Learned a level 3 spell: Stone Arrow
  3343 | D:4      | Learned a level 4 spell: Petrify
  3419 | D:4      | Slain by an ice beast

Vault maps used:
D:1:      scummos_arrival_hexagon, minmay_misc_feat_alley
D:2:      marbit_many_paths, serial_corexii_hall, corexii_hall_statues_i,
          corexii_hall_statues_i, nicolae_underground_beach
D:3:      okawaru_ov_weapons_minmay, zin_angel,
          chequers_ecumenical_altar_simple_redux, serial_park_tiny_1

Skill      XL: |  1  2  3  4  5  6  7 |
---------------+----------------------+-----
Earth Magic    | 4 6 7 |  7.3
Spellcasting   | 3 4 5 |  5.1
Dodging        | |  1.5
Stealth        | |  2.1
Transmutations | |  0.7

Action                   |  1- 3 |  4- 6 |  7- 9 || total
-------------------------+-------+-------+-------++-------
Melee: Unarmed           |     3 |       |       ||     3
       Dagger            |    35 |    36 |       ||    71
       Rapier            |       |    99 |    23 ||   122
 Cast: Sandblast         |    23 |    50 |    11 ||    84
  Use: Scroll            |     4 |     3 |     1 ||     8
       Potion            |     1 |     4 |       ||     5
 Stab: Sleeping          |       |     1 |       ||     1
  Eat: Chunk             |     1 |     7 |       ||     8
Armor: Robe              |    27 |    79 |    15 ||   121
Dodge: Dodged            |    36 |   145 |    17 ||   198

Table legend:
 A = Spawn XP
 B = Non-spawn XP
 C = Spawn XP percentage of total XP
 D = Spawn monster count
 E = Non-spawn monster count
 F = Spawn count percentage of total count
 G = Total turns spent on level
                    A         B        C        D         E        F      G
               +---------+---------+-------+---------+---------+-------+---------
         Total |       0 |     768 |   0.0 |       0 |      69 |   0.0 |  3419
               +---------+---------+-------+---------+---------+-------+---------
           D:1 |       0 |      21 |   0.0 |       0 |      12 |   0.0 |   742
           D:2 |       0 |     133 |   0.0 |       0 |      23 |   0.0 |  1123
           D:3 |       0 |     200 |   0.0 |       0 |      18 |   0.0 |   948
           D:4 |       0 |     414 |   0.0 |       0 |      16 |   0.0 |   606
               +---------+---------+-------+---------+---------+-------+---------
